 Dungeon Crawl Stone Soup version 0.26-a0-651-gb41185065b (webtiles) character file.

Game seed: 10794026685364150220

3348 Irenicus the Geomancer (level 9, -3/68 HPs)
             Began as a Deep Dwarf Earth Elementalist on Oct 28, 2020.
             Slain by an orc warrior
             ... wielding a +0 halberd
              (17 damage)
             ... on level 7 of the Dungeon.
             The game lasted 00:24:08 (3789 turns).

Irenicus the Geomancer (DDEE)                       Turns: 3789, Time: 00:24:08

Health: -3/68      AC:  8    Str: 18    XL:     9   Next: 72%
Magic:  12/20      EV: 12    Int: 23    God:
Gold:   42         SH:  0    Dex: 18    Spells: 15/23 levels left

rFire    + . .     SeeInvis .   x - +4 dagger of Rest {vorpal, Int+4}
rCold    . . .     Faith    .   (no shield)
rNeg     . . .     Spirit   .   f - +1 leather armour of the Imp {Dex+5}
rPois    .         Reflect  .   l - +2 helmet
rElec    .         Harm     .   (no cloak)
rCorr    .         Rampage  .   (no gloves)
MR       +....                  y - +0 pair of boots {run}
Stlth    ++........             (no amulet)
HPRegen  0.00/turn              u - ring of protection from fire {rF+, !d}
MPRegen  0.17/turn              c - +6 ring of strength

@: very slightly contaminated, non-regenerating, quick
A: damage resistance, heal wounds, sense surroundings 2, no regeneration
a: Heal Wounds


You were on level 7 of the Dungeon.
You visited 2 branches of the dungeon, and saw 9 of its levels.

You collected 322 gold pieces.
You spent 280 gold pieces at shops.

Inventory:

Hand Weapons
 h - a +2 dagger of venom
   (You took it off an orc priest on level 3 of the Dungeon)
 x - the +4 dagger of Rest (weapon) {vorpal, Int+4}
   (You found it on level 5 of the Dungeon)

   It inflicts extra damage upon your enemies.
   It affects your intelligence (+4).
Missiles
 b - 248 stones (quivered)
 q - 5 curare-tipped darts
Armour
 f - the +1 leather armour of the Imp (worn) {Dex+5}
   (You found it on level 7 of the Dungeon)

   It affects your dexterity (+5).
 l - a +2 helmet (worn)
   (You found it on level 1 of the Dungeon)
 y - a +0 pair of boots of running (worn)
   (You found it on level 6 of the Dungeon)
Jewellery
 c - a +6 ring of strength (right hand)
   (You found it on level 4 of the Dungeon)
 u - a ring of protection from fire (left hand) {rF+, !d}
   (You found it on level 3 of the Dungeon)
Wands
 a - a wand of iceblast (8)
   (You found it on level 8 of the Dungeon)
 v - a wand of acid (5)
   (You found it on level 5 of the Dungeon)
 w - a wand of enslavement (9)
   (You took it off Ijyb on level 5 of the Dungeon)
Scrolls
 e - 2 scrolls of fear
 g - 2 scrolls of blinking {unknown}
 m - 2 scrolls of fog {unknown}
 o - 3 scrolls of remove curse
 r - 3 scrolls of teleportation
Potions
 d - a potion of resistance
 i - a potion of might
 j - a potion of ambrosia
 k - 3 potions of lignification {!q}
 n - 3 potions of flight
 p - a potion of curing
 s - 2 potions of mutation {!q}
Miscellaneous
 z - a condenser vane (2/2)
   (You bought it in a shop on level 7 of the Dungeon)


   Skills:
 - Level 2.1 Dodging
 - Level 2.4 Stealth
 + Level 7.8 Spellcasting
 - Level 1.7 Transmutations
 - Level 13.5 Earth Magic


You had 15 spell levels left.
You knew the following spells:

 Your Spells              Type           Power        Failure   Level
a - Sandblast             Erth           ######       1%          1
w - Passwall              Tmut/Erth      #####...     1%          2
z - Lee's Rapid Deconstr  Erth           ######....   1%          5

Your spell library contained the following spells:

 Spells                   Type           Power        Failure   Level
 Stone Arrow              Conj/Erth      #####.       1%          3
 Petrify                  Tmut/Erth      #####...     3%          4
 Magic Dart               Conj           #...         9%          1
 Searing Ray              Conj           #.....       13%         2
 Dazzling Flash           Conj/Hex       #.....       26%         3
 Fulminant Prism          Conj/Hex       #.........   63%         4
 Iskenderun's Mystic Bla  Conj/Tloc      #.......     63%         4


Dungeon Overview and Level Annotations

Branches:
Dungeon (8/15)             Temple (1/1) D:5
   Lair: D:8-11

Altars:
Ashenzari
Elyvilon
Fedhas
Gozag
Hepliaklqana
Kikubaaqudgha
Nemelex Xobeh
Okawaru
Qazlal
Ru
Sif Muna
Trog
Uskayaw
Vehumet
Wu Jian
Xom
Yredelemnul
Zin
The Shining One

Shops:
D:4 (   D:7 }


Innate Abilities, Weirdness & Mutations

You are resistant to damage.
You can heal yourself by infusing magical energy.
You passively map the area around you.
You do not regenerate.


Message History

Press: ? - help, Shift-Dir - straight line, f - orc wizard
Aim: an orc wizard, wielding a +0 dagger, wearing a +0 robe and carrying a wand of polymorph (1) (heavily wounded)
The blast of sand hits the orc wizard!
You kill the orc wizard!
b - 253 stones The orc wizard casts a spell at you.
The magic dart hits you but does no damage.
You now have 1/20 mp.
You see here a poisoned dart.
The orc wizard casts a spell.
The orc wizard blinks!
There is a stone staircase leading up here.
The orc wizard casts a spell.
The orc wizard blinks!
You climb upwards.
There is a stone staircase leading down here.
An orc comes into view. It is wielding a +0 club.
Found Kovuinato's Gadget Shop.
The orc shouts!
The orc closely misses you. The orc closely misses you.
Casting: Sandblast (safe; 1% risk of failure)
Confirm with . or Enter, or press ? or * to list all spells.
Aiming: Sandblast (safe; 1% risk of failure)
Press: ? - help, Shift-Dir - straight line, f - orc
Aim: an orc, wielding a +0 club The blast of sand hits the orc!!
You kill the orc!
b - 252 stones
There is an entrance to Kovuinato's Gadget Shop here.
Evoke which item? (* to show all) (? for menu, Esc to quit)
Okay, then.
z - a condenser vane (2/2) Thank you for shopping at Kovuinato's Gadget Shop!
There are no items here.
Things that are here:
a +0 club; an orc corpse Evoke which item? (* to show all) (? for menu, Esc to quit)
Okay, then.
It was a potion of magic.
Magic courses through your body.
MP restored: 20
Casting: Sandblast (safe; 1% risk of failure)
Confirm with . or Enter, or press ? or * to list all spells.
Aiming: Lee's Rapid Deconstruction (dangerous; 1% risk of failure)
Press: ? - help, Dir - move target cursor A rock wall.
You miscast Lee's Rapid Deconstruction.
You are very lightly contaminated with residual magic.
Nothing appears to happen.
You now have 15/20 mp.
Casting: Lee's Rapid Deconstruction (dangerous; 1% risk of failure)
Confirm with . or Enter, or press ? or * to list all spells.
Aiming: Sandblast (safe; 1% risk of failure)
Press: ? - help, Shift-Dir - straight line, f - orc warrior
Aim: an orc warrior, wielding a +0 halberd and wearing a +0 plate armour
Okay, then.
Casting: Sandblast (safe; 1% risk of failure)
Confirm with . or Enter, or press ? or * to list all spells.
Aiming: Lee's Rapid Deconstruction (dangerous; 1% risk of failure)
Press: ? - help, Dir - move target cursor A rock wall.
Okay, then.
Casting: Lee's Rapid Deconstruction (dangerous; 1% risk of failure)
Confirm with . or Enter, or press ? or * to list all spells.
Aiming: Sandblast (safe; 1% risk of failure)
Press: ? - help, Shift-Dir - straight line, f - orc warrior
Aim: an orc warrior, wielding a +0 halberd and wearing a +0 plate armour The blast of sand hits the orc warrior!
The orc warrior is severely wounded.
b - 251 stones
Casting: Sandblast (safe; 1% risk of failure)
Confirm with . or Enter, or press ? or * to list all spells.
Aiming: Sandblast (safe; 1% risk of failure)
Press: ? - help, Shift-Dir - straight line, f/p - orc warrior
Aim: an orc warrior, wielding a +0 halberd and wearing a +0 plate armour (severely wounded)
The blast of sand misses the orc warrior.
b - 250 stones The orc warrior misses you.
You now have 14/20 mp.
Casting: Sandblast (safe; 1% risk of failure)
Confirm with . or Enter, or press ? or * to list all spells.
Aiming: Sandblast (safe; 1% risk of failure)
Press: ? - help, Shift-Dir - straight line, f/p - orc warrior
Aim: an orc warrior, wielding a +0 halberd and wearing a +0 plate armour (severely wounded)
The blast of sand hits the orc warrior.
The orc warrior is severely wounded.
b - 249 stones The orc warrior hits you from afar with a +0 halberd!
* * * LOW HITPOINT WARNING * * *
You take 7 damage, and have 14/68 hp.
You now have 13/20 mp.
Casting: Sandblast (safe; 1% risk of failure)
Confirm with . or Enter, or press ? or * to list all spells.
Aiming: Sandblast (safe; 1% risk of failure)
Press: ? - help, Shift-Dir - straight line, f/p - orc warrior
Aim: an orc warrior, wielding a +0 halberd and wearing a +0 plate armour (severely wounded)
The blast of sand hits the orc warrior but does no damage.
The orc warrior is severely wounded.
b - 248 stones The orc warrior hits you from afar with a +0 halberd!!
You die...

#.# #....# #.#....'†....##.##..
#.#######.####.#.##.#.....#..##..
................................>
#.........####[.....#.....#..###.
######......[.)..######.###......
.., .............∩# #.# #..###.
.# #.....#.##....# #.# #...... .#
#..[.......)..# #.# #...... .#
#.....#.##o.@.#####.###.#####
.####.......................#
.o....).........#.#####.....#
.............#..#.# #.###.#
.#######).#..#..#.# ### #.#
.#######..#..#..#....#****#.#
...o{..o.............+ , ..#
####.................# #.#
###.###.....#..#....# *.#


You could see an orc warrior.

Vanquished Creatures
  A hippogriff (D:7)
  Sigmund (D:5)
  3 yaks (D:6)
  Eustachio (D:5)
  Menkaure (D:5)
  A phantom (D:4)
  5 ogres
  2 centaurs
  A crocodile (D:7)
  A bullfrog (D:6)
  A big kobold (D:8)
  A wyvern zombie (D:6)
  A scorpion (D:7)
  3 howler monkeys
  5 wights (D:7)
  A centaur skeleton (D:7)
  2 bullfrog skeletons
  3 hounds
  A jelly (D:5)
  5 orc priests
  Jessica (D:2)
  Ijyb (D:5)
  8 orc wizards
  6 worker ants
  A hound zombie (D:6)
  A howler monkey skeleton (D:5)
  10 adders
  2 shadow imps
  A white imp (D:6)
  4 ufetubi
  2 oozes
  A worm (D:3)
  A dart slug (D:3)
  6 leopard geckos
  18 orcs
  2 ball pythons (D:2)
  7 bats
  8 giant cockroaches
  2 gnoll zombies (D:5)
  4 hobgoblins
  13 jackals
  10 kobolds
  5 quokkas
  6 frilled lizards
  11 goblins
  A leopard gecko zombie (D:6)
  10 rats
182 creatures vanquished.

Notes
Turn   | Place    | Note
-------+----------+-------------------------------------------
     0 | D:1      | Irenicus the Deep Dwarf Earth Elementalist began the quest
                  | for the Orb.
     0 | D:1      | Reached XP level 1. HP: 15/15 MP: 3/3
   160 | D:1      | Reached XP level 2. HP: 20/22 MP: 2/4
   264 | D:1      | Reached skill level 5 in Earth Magic
   385 | D:1      | Learned a level 2 spell: Passwall
   424 | D:2      | Reached XP level 3. HP: 23/28 MP: 1/5
   573 | D:2      | Reached skill level 6 in Earth Magic
   760 | D:2      | Reached XP level 4. HP: 30/36 MP: 0/6
   836 | D:2      | Noticed Jessica
   839 | D:2      | Killed Jessica
   839 | D:2      | Reached skill level 7 in Earth Magic
   957 | D:3      | Found a blossoming altar of Fedhas.
   958 | D:3      | Reached XP level 5. HP: 35/42 MP: 2/7
   960 | D:3      | Reached skill level 8 in Earth Magic
  1111 | D:3      | Reached skill level 9 in Earth Magic
  1111 | D:3      | Reached XP level 6. HP: 34/49 MP: 0/8
  1767 | D:4      | Reached skill level 10 in Earth Magic
  1826 | D:4      | Found an opulent altar of Gozag.
  1827 | D:4      | Found a glowing silver altar of Zin.
  1853 | D:4      | Reached XP level 7. HP: 28/55 MP: 5/9
  1877 | D:4      | Found Piowaf's Weapon Boutique.
  1935 | D:4      | Reached skill level 11 in Earth Magic
  2194 | D:5      | Entered Level 5 of the Dungeon
  2301 | D:5      | Reached skill level 12 in Earth Magic
  2361 | D:5      | Noticed Sigmund
  2366 | D:5      | Killed Sigmund
  2366 | D:5      | Reached XP level 8. HP: 26/62 MP: 3/10
  2387 | D:5      | Noticed Menkaure
  2389 | D:5      | Killed Menkaure
  2442 | D:5      | Reached skill level 13 in Earth Magic
  2498 | D:5      | Found a basalt altar of Yredelemnul.
  2605 | D:5      | Found a staircase to the Ecumenical Temple.
  2611 | Temple   | Entered the Ecumenical Temple
  2754 | D:5      | Noticed Eustachio
  2761 | D:5      | Killed Eustachio
  2769 | D:5      | Noticed Ijyb
  2775 | D:5      | Killed Ijyb
  2779 | D:5      | Got an encrusted dagger
  2779 | D:5      | Identified the +4 dagger of Rest {vorpal, Int+4} (You found
                  | it on level 5 of the Dungeon)
  2830 | D:6      | Reached skill level 1 in Transmutations
  2878 | D:6      | Reached skill level 2 in Spellcasting
  2895 | D:6      | Reached skill level 3 in Spellcasting
  2896 | D:6      | Reached skill level 4 in Spellcasting
  2923 | D:6      | Gained mutation: You passively map the area around you.
                  | [Deep Dwarf growth]
  2923 | D:6      | Reached XP level 9. HP: 27/68 MP: 4/16
  3065 | D:6      | HP: 14/68 [worker ant (4)]
  3127 | D:7      | Reached skill level 5 in Spellcasting
  3348 | D:6      | Identified a +0 pair of boots of running (You found it on
                  | level 6 of the Dungeon)
  3437 | D:7      | Reached skill level 6 in Spellcasting
  3441 | D:7      | Found a hazy altar of Hepliaklqana.
  3444 | D:7      | Found an ancient bone altar of Kikubaaqudgha.
  3501 | D:7      | HP: 14/68 [hippogriff (5)]
  3530 | D:7      | Got a steaming leather armour
  3541 | D:7      | Identified the +1 leather armour of the Imp {Dex+5} (You
                  | found it on level 7 of the Dungeon)
  3629 | D:7      | Learned a level 5 spell: Lee's Rapid Deconstruction
  3642 | D:7      | Reached skill level 7 in Spellcasting
  3697 | D:7      | You fall into a shaft and drop 1 floor!
  3739 | D:8      | HP: 12/68 [poisoned by a kobold]
  3745 | D:8      | Noticed a two-headed ogre
  3771 | D:7      | Found Kovuinato's Gadget Shop.
  3781 | D:7      | Bought a condenser vane (2/2) for 280 gold pieces
  3788 | D:7      | HP: 14/68 [orc warrior/+0 halberd (7)]
  3789 | D:7      | Slain by an orc warrior

Illustrated notes

Levels and vault maps discovered:
D:1:      mainiacjoe_arrival_reflecting_pool, layout_rooms
D:2:      layout_basic, kennysheep_jessica_study
D:3:      layout_basic, old_standard_altar
D:4:      layout_loops_ring, grunt_temple_overflow_gold_and_silver,
          serial_shops, kennysheep_mini
D:5:      layout_basic, lemuel_zombie_altar_yredelemnul,
          minmay_temple_entry_enclosed_plants, uniq_sigmund, uniq_ijyb,
          uniq_menkaure, uniq_eustachio
D:6:      layout_basic
D:7:      layout_basic, amethyst_overflow_temple_binary, serial_shops, shop
D:8:      layout_cave_pods
Temple:   nicolae_temple_figure_eight

Skill      XL: |  1  2  3  4  5  6  7  8  9 |
---------------+----------------------------+-----
Earth Magic    | 5 6 7 9 10 12 13 | 13.5
Transmutations | 1 |  1.7
Spellcasting   | 4 7 |  7.8
Dodging        | |  2.1
Stealth        | |  2.4

Action                   |  1- 3 |  4- 6 |  7- 9 || total
-------------------------+-------+-------+-------++-------
Melee: Unarmed           |    17 |       |       ||    17
       Dagger            |    48 |    28 |    10 ||    86
 Cast: Sandblast         |    44 |    66 |   124 ||   234
       Passwall          |     3 |    12 |    28 ||    43
       Lee's Rapid Decon |       |       |     4 ||     4
Evoke: Wand              |       |       |     2 ||     2
  Use: Scroll            |     1 |     7 |     4 ||    12
       Potion            |       |     1 |     3 ||     4
 Stab: Sleeping          |       |     3 |       ||     3
Armor: Robe              |     8 |       |       ||     8
       Ring mail         |    25 |    23 |    14 ||    62
       Leather armour    |       |       |     9 ||     9
Dodge: Dodged            |    53 |    24 |    42 ||   119

Table legend: (Time is in decaauts)
 A = Elapsed time spent in this place.
 B = Non-inter-level travel time spent in this place.
 C = Inter-level travel time spent in this place.
 D = Time resting spent in this place.
 E = Time spent auto-exploring this place.
 F = Levels seen in this place.
 G = Mean time per level.
                   A        B        C        D        E       F      G
               +--------+--------+--------+--------+--------+-----+--------+
         Total |   3751 |   3664 |     87 |      0 |     37 |   9 |  416.8 |
       Dungeon |   3654 |   3567 |     87 |      0 |     37 |   8 |  456.8 |
        Temple |     96 |     96 |      0 |      0 |      0 |   1 |   96.0 |
               +--------+--------+--------+--------+--------+-----+--------+

Top non-repeatable levels by time:
     D:3: 745 daAuts
     D:2: 556 daAuts
     D:6: 533 daAuts
     D:5: 528 daAuts
     D:4: 495 daAuts
     D:1: 392 daAuts
     D:7: 350 daAuts
  Temple: 96 daAuts
     D:8: 51 daAuts

Table legend:
 A = Kills in this place as a percentage of kills in entire the game.
 B = Kills by you in this place as a percentage of kills by you in the entire game.
 C = Kills by friends in this place as a percentage of kills by friends in the entire game.
 D = Other kills in this place as a percentage of other kills in the entire game.
 E = Experience gained in this place as a percentage of experience gained in the entire game.
 F = Experience gained in this place divided by the number of levels of this place that you have seen.
                   A       B       C       D       E      F
               +-------+-------+-------+-------+-------+----------------------
         Total | 100.0 | 100.0 |   N/A |   N/A | 100.0 | 531.6
       Dungeon | 100.0 | 100.0 |   N/A |   N/A | 100.0 | 598.0
               +-------+-------+-------+-------+-------+----------------------
